 Dungeon Sprint DCSS version 0.30-a0-469-g84de5afbc5 (webtiles) character file.

Game seed: 5497657075789334101

1200000 NinjaNoafa the Spry (level 13, -30/104 HPs)
             Began as a Djinni Warper on Dec 19, 2022.
             Was a Believer of Makhleb.
             Annihilated by a bag of meat
             ... wielding a +9 war axe
              (48 damage)
             ... in the Dungeon (Sprint VIII: "Arena of Blood").
             The game lasted 00:00:09 (12 turns).

NinjaNoafa the Spry (Djinni Warper)                   Turns: 12, Time: 00:00:10

Health: -30/104    AC:  4    Str: 10    XL:     13   Next: 12%
Gold:   0          EV: 20    Int: 17    God:    Makhleb [**....] SH:  0 Dex: 16

rFire   + + .      SeeInvis .    i - +∞ Axe of Woe
rCold   x . .      Faith    .    (shield currently unavailable)
rNeg    . . .      Spirit   .    b - +0 leather armour
rPois   ∞          Reflect  .    (no helmet)
rElec   .          Harm     .    (no cloak)
rCorr   .          Rampage  .    (no gloves)
Will    +....      NoTele   +    (boots unavailable)
Stlth   +.........               (no amulet)
HPRegen 0.37/turn                (no ring)
MPRegen 0.00/turn                (no ring)

@: flying
A: sickness immunity, fire resistance 2, cold vulnerability 1, float, innate
caster, HP casting, extra vitality 1
a: Renounce Religion, Minor Destruction


You were in the Dungeon.
You worshipped Makhleb.
Makhleb was pleased with you.
You visited 1 branch

Inventory:

Hand Weapons
 a - a +0 hand axe
 i - the +∞ Axe of Woe (weapon)
   (You found it in the Dungeon)
Missiles
 d - 7 boomerangs of dispersal (quivered)
Armour
 b - a +0 leather armour (worn)
Scrolls
 c - 2 scrolls of blinking
Potions
 e - a potion of curing
 f - a potion of heal wounds
 g - a potion of haste
 h - a potion of berserk rage


   Skills:
 + Level 13.7 Fighting
 + Level 11.7 Axes
 + Level 11.6 Throwing
 + Level 13.8 Armour
 + Level 15.0 Dodging
 + Level 11.0 Spellcasting


You couldn't memorise any spells.
You knew the following spells:

 Your Spells              Type           Power      Damage    Failure   Level
a - Blink                 Tloc           92%        N/A       1%          2
b - Lesser Beckoning      Tloc           92%        N/A       1%          3
c - Vhi's Electric Charg  Tloc/Air       92%        N/A       1%          3
d - Teleport Other        Tloc           46%        N/A       1%          3
e - Manifold Assault      Tloc           46%        N/A       1%          4
f - Freeze                Ice            100%       1d10      1%          1
g - Ensorcelled Hibernat  Hex/Ice        92%        N/A       1%          2
h - Tukima's Dance        Hex            46%        N/A       1%          3
i - Inner Flame           Hex/Fire       46%        N/A       1%          3
j - Lee's Rapid Deconstr  Erth           23%        3d13*     2%          5
k - Fireball              Conj/Fire      23%        3d11      2%          5
Your spell library was empty.

Dungeon Overview and Level Annotations

Branches:
Dungeon (1/1)

Altars:
Makhleb


Innate Abilities, Weirdness & Mutations

You are immune to sickness and miasma.
You are immune to poison.
Your flesh is very heat resistant. (rF++)
You are vulnerable to cold. (rC-)
You float through the air rather than walking.
You learn spells naturally, not from books.
Your magical power is your life essence.
You have superior vitality. (+4 MHP)


Message History

A bag of meat comes into view. It is wielding a +9 war axe.
The meat berserker moves out of view.
Your Fighting skill gained 2 levels and is now at level 13!
Your Axes skill gained 2 levels and is now at level 11!
Your Throwing skill gained 2 levels and is now at level 11!
Your Armour skill gained 2 levels and is now at level 13!
Your Dodging skill gained 3 levels and is now at level 15!
Your Spellcasting skill gained 3 levels and is now at level 11!
You have reached level 12!
You feel clever.
You have reached level 13!
The power to cast Fireball wells up from within.
Spell assigned to 'k'.
Cast which spell? (? or * to list) Space momentarily warps into an impossible shape!
The bag of meat shouts!
You slash the bag of meat! You chop the bag of meat into pieces.
You kill the bag of meat!
Makhleb accepts your kill.
You slash the meat berserker!
You dissect the meat berserker like a pig carcass.
You kill the meat berserker!
Makhleb accepts your kill.
You feel better.
You slash the bag of meat! You chop the bag of meat into pieces.
You kill the bag of meat!
Makhleb accepts your kill.
You can now harness Makhleb's destructive might.
The meat berserker appears out of thin air!
A meat berserker comes into view. It is wielding a +9 battleaxe.
The meat berserker shouts!
You hear a shout! x8
The meat berserker rages.
You hear a shout! x2
The meat berserker hits you with a +9 battleaxe!!!!
Ouch! That really hurt!
* * * LOW HITPOINT WARNING * * *
The bag of meat closely misses you.
You hear a shout! x3
The bag of meat hits you with a +9 war axe!!!
You die...

..........
...........
O........ .
#....o..# #..
#.......#
....###.).. ..###.
........o###......
#.....oo@_.O.....
......)#..O..#....
.......#_.<._# .
....o..#.....#
.#........_.O...
oO.......###......
....###... ).###.
.... #... ..# #..
..#


You could see 4 meat berserkers and 3 bags of meat.

Vanquished Creatures
  2 ogres (D)
  3 orcs (D)
5 creatures vanquished.

Notes
Turn   | Place    | Note
-------+----------+-------------------------------------------
     0 | D        | Found the +∞ Axe of Woe
     0 | D        | NinjaNoafa the Djinni Warper began the quest for the Orb.
     0 | D        | NinjaNoafa set off with the following spells memorised:
                  | Blink, Lesser Beckoning, Vhi's Electric Charge, Teleport
                  | Other, Manifold Assault.
     0 | D        | Reached XP level 1. HP: 18/18 MP: 0/0
     4 | D        | Became a worshipper of Makhleb the Destroyer
     6 | D        | Noticed a bag of meat
     6 | D        | Noticed a bag of meat
     6 | D        | Noticed a bag of meat
     6 | D        | Noticed a bag of meat
     6 | D        | Noticed a meat berserker
     7 | D        | Noticed a bag of meat
     7 | D        | Noticed a meat berserker
     7 | D        | Noticed a bag of meat
    10 | D        | Killed a bag of meat
    11 | D        | Reached skill level 12 in Dodging
    11 | D        | Reached XP level 2. HP: 37/37 MP: 0/0
    11 | D        | Reached XP level 3. HP: 42/42 MP: 0/0
    11 | D        | Learned a level 1 spell: Freeze
    11 | D        | Reached XP level 4. HP: 49/49 MP: 0/0
    11 | D        | Reached XP level 5. HP: 53/53 MP: 0/0
    11 | D        | Learned a level 2 spell: Ensorcelled Hibernation
    11 | D        | Reached XP level 6. HP: 59/59 MP: 0/0
    11 | D        | Reached XP level 7. HP: 65/65 MP: 0/0
    11 | D        | Learned a level 3 spell: Tukima's Dance
    11 | D        | Reached XP level 8. HP: 71/71 MP: 0/0
    11 | D        | Reached XP level 9. HP: 76/76 MP: 0/0
    11 | D        | Learned a level 3 spell: Inner Flame
    11 | D        | Reached XP level 10. HP: 82/82 MP: 0/0
    11 | D        | Reached XP level 11. HP: 87/87 MP: 0/0
    11 | D        | Learned a level 5 spell: Lee's Rapid Deconstruction
    11 | D        | Noticed a meat berserker
    11 | D        | Killed a meat berserker
    11 | D        | Reached * piety under Makhleb
    11 | D        | Noticed a bag of meat
    11 | D        | Noticed a meat berserker
    11 | D        | Noticed a meat berserker
    11 | D        | Noticed a bag of meat
    12 | D        | Reached skill level 15 in Dodging
    12 | D        | Reached XP level 12. HP: 99/99 MP: 0/0
    12 | D        | Reached XP level 13. HP: 104/104 MP: 0/0
    12 | D        | Learned a level 5 spell: Fireball
    12 | D        | Killed a bag of meat
    12 | D        | Killed a meat berserker
    12 | D        | Killed a bag of meat
    12 | D        | Reached ** piety under Makhleb
    12 | D        | Noticed a meat berserker
    12 | D        | Annihilated by a bag of meat

Illustrated notes

Levels and vault maps discovered:
D:        meatsprint

Skill      XL: |  1  2  3  4  5  6  7  8  9 10 11 |
---------------+----------------------------------+-----
Fighting       | 11 13 | 13.7
Axes           | 9 11 | 11.7
Throwing       | 9 11 | 11.6
Armour         | 11 13 | 13.8
Dodging        | 12 15 | 15.0
Spellcasting   | 8 11 | 11.0

Action                   |  1- 3 |  4- 6 |  7- 9 | 10-12 | 13-15 || total
-------------------------+-------+-------+-------+-------+-------++-------
Melee: Executioner's axe |     1 |       |       |     1 |     3 ||     5
 Cast: Manifold Assault  |       |       |       |       |     1 ||     1
Dodge: Dodged            |       |       |       |       |     1 ||     1

Table legend: (Time is in decaauts)
 A = Elapsed time spent in this place.
 B = Non-inter-level travel time spent in this place.
 C = Inter-level travel time spent in this place.
 D = Time resting spent in this place.
 E = Time spent auto-exploring this place.
 F = Levels seen in this place.
 G = Mean time per level.
                   A        B        C        D        E       F      G
               +--------+--------+--------+--------+--------+-----+--------+
         Total |     12 |     12 |      0 |      0 |      0 |   1 |   12.0 |
       Dungeon |     12 |     12 |      0 |      0 |      0 |   1 |   12.0 |
               +--------+--------+--------+--------+--------+-----+--------+

Top non-repeatable levels by time:
       D: 12 daAuts
